 Dungeon Crawl Stone Soup version 0.22-a0-355-g201945f (webtiles) character file.

67 Amnesiac the Conjurer (level 4, -2/26 HPs)
             Began as a Deep Elf Conjurer on Apr 17, 2018.
             Slain by a gnoll
             ... wielding a +0 flail
              (6 damage)
             ... on level 4 of the Dungeon.
             The game lasted 00:02:57 (1779 turns).

Amnesiac the Conjurer (Deep Elf Conjurer)           Turns: 1779, Time: 00:02:58

Health: -2/26      AC:  2    Str:  8    XL:     4   Next: 0%
Magic:  11/11      EV: 13    Int: 21    God:
Gold:   105        SH:  0    Dex: 15    Spells: 3/10 levels left

rFire    . . .     SeeInvis .   (no weapon)
rCold    . . .     Gourm    .   (no shield)
rNeg     . . .     Faith    .   a - +0 robe
rPois    .         Spirit   .   (no helmet)
rElec    .         Reflect  .   (no cloak)
rCorr    .         Harm     .   (no gloves)
MR       .....                  (no boots)
Stlth    ++........             e - amulet of the acrobat
HPRegen  0.08/turn              k - +3 ring of strength
MPRegen  0.12/turn              (no ring)

@: about to teleport
A: no striking features
a: no special abilities


You were on level 4 of the Dungeon.
You were hungry.

You visited 1 branch of the dungeon, and saw 4 of its levels.

You collected 105 gold pieces.

Inventory:

Armour
 a - a +0 robe (worn)
Jewellery
 e - an amulet of the acrobat (around neck)
 k - a +3 ring of strength (left hand)
Scrolls
 b - a scroll of remove curse {!r, unknown}
 f - a scroll of enchant armour {!r, unknown}
Potions
 d - a potion of curing {!q}
 g - a potion of agility {!q, unknown}
 h - a potion of resistance {!q, unknown}
 i - a potion of heal wounds {!q, unknown}
 j - a potion of degeneration {!q, unknown}
Comestibles
 c - 11 rations


   Skills:
 * Level 1.6 Fighting
 - Level 2.4 Dodging
 - Level 2.4 Stealth
 + Level 3.7 Spellcasting
 * Level 5.2 Conjurations


You had 3 spell levels left.
You knew the following spells:

 Your Spells              Type           Power        Failure   Level  Hunger
a - Magic Dart            Conj           ####         1%          1    None
d - Iskenderun's Mystic   Conj           ####....     14%         4    ####...
e - Searing Ray           Conj           ####..       2%          2    ##.....


Dungeon Overview and Level Annotations

Branches:
Dungeon (4/15)             Temple (0/1) D:4

Altars:
Trog

Annotations:
D:3 Amnesiac's ghost, weakling VSCj


Message History

You are feeling hungry.
You finish memorising.
Spell assigned to 'd'.
Amnesiac's ghost turns its malevolent gaze towards you.
Amnesiac's ghost points at you and mumbles some strange words.
The magic dart hits you!
Amnesiac's ghost screams, "You must not succeed where I failed!"
Amnesiac's ghost casts a spell at you. The magic dart hits you!
Amnesiac's ghost casts a spell at you. The magic dart hits you!
* * * LOW HITPOINT WARNING * * *
There is a stone staircase leading down here.
You climb downwards.
An adder, a scorpion and a skeleton come into view.
Found a stone staircase leading down.
There is a stone staircase leading up here.
An orc comes into view. It is wielding a hand axe.
The orc shouts!
The adder hisses angrily.
The centaur skeleton barely misses you.
The centaur skeleton completely misses you.
An orc comes into view. It is wielding an enchanted hand axe.
Found a staircase to the Ecumenical Temple.
An orc comes into view. It is wielding a short sword.
The centaur skeleton barely misses you.
An orc comes into view. It is wielding a short sword of venom.
The orc moves out of view.
The orc shouts!
You hear a shout!
The centaur skeleton misses you.
The orc moves out of view.
Found 18 gold pieces.
The orc shouts!
You hear a shout! x3
The orc completely misses you.
The centaur skeleton completely misses you.
An orc comes into view. It is wielding a whip.
An orc comes into view. It is wielding a hand axe of freezing.
The centaur skeleton barely misses you. The orc hits you with a short sword.
* * * LOW HITPOINT WARNING * * *
The orc closely misses you.
The centaur skeleton completely misses you. 2 gnolls come into view.
The gnoll moves out of view.
The orc misses you. The orc completely misses you.
A gnoll comes into view. It is wielding a flail.
The gnoll misses you. The orc completely misses you.
The gnoll completely misses you.
You see here 18 gold pieces.
The gnoll barely misses you. The gnoll misses you.
The gnoll completely misses you.
Okay, then.
Really read
m - a scroll labeled WUCLUIMYBA {!r}?
As you read the scroll labeled WUCLUIMYBA {!r}, it crumbles to dust.
You feel strangely unstable.
It was a scroll of teleportation {!r}.
The gnoll closely misses you. The gnoll misses you. The orc closely misses you.
The gnoll closely misses you.
Really quaff
d - 3 ruby potions {!q}?
It was a potion of curing {!q}.
You feel better. The gnoll barely misses you. The gnoll hits you with a flail.
* * * LOW HITPOINT WARNING * * *
The orc barely misses you. The gnoll hits you with a spear.
* * * LOW HITPOINT WARNING * * *
Really quaff
d - 2 potions of curing {!q}?
You feel better.
The gnoll hits you from afar with a spear!
* * * LOW HITPOINT WARNING * * *
The gnoll hits you with a flail.
You die...

....##.##.# ....#.....#
..........# ....#.....#
....#.....# .
....#.....# ##..
...<#.....####### ....#
....#.......ooZg##.....#
#####....#...#oo@g.....#
#.....#o#so###g.....
##.....>...# .....
#....#.#...# ....
#.#.#...#.... ...
...........###. ..
.###...###### . . ####


You could see a scorpion, 3 gnolls, 5 orcs and a centaur skeleton.

Vanquished Creatures
  A gnoll (D:2)
  An adder (D:2)
  2 leopard geckos
  An orc (D:3)
  4 giant cockroaches
  4 goblins
  6 hobgoblins
  2 jackals (D:1)
  6 kobolds
  2 quokkas
  2 ball pythons
  6 bats
  3 frilled lizards
  3 rats
43 creatures vanquished.

Notes
Turn   | Place    | Note
-------+----------+-------------------------------------------
     0 | D:1      | Amnesiac the Deep Elf Conjurer began the quest for the Orb.
     0 | D:1      | Reached XP level 1. HP: 10/10 MP: 6/6
   357 | D:1      | Reached XP level 2. HP: 16/16 MP: 6/8
   361 | D:1      | Learned a level 2 spell: Searing Ray
   495 | D:1      | Reached skill level 1 in Fighting
  1077 | D:2      | Reached XP level 3. HP: 20/20 MP: 5/9
  1182 | D:2      | Reached skill level 5 in Conjurations
  1348 | D:2      | Found a bloodstained altar of Trog.
  1728 | D:3      | Reached XP level 4. HP: 23/26 MP: 5/11
  1731 | D:3      | Noticed Amnesiac's ghost (weakling VSCj)
  1734 | D:3      | Learned a level 4 spell: Iskenderun's Mystic Blast
  1765 | D:4      | Found a staircase to the Ecumenical Temple.
  1779 | D:4      | Slain by a gnoll

Vault maps used:
D:1:      lightli_arrival_noodles, serial_bayou_lake_a
D:2:      old_standard_altar, first_ration, serial_glass, glass_columns_b,
          glass_columns_a, glass_columns_b, glass_columns_a
D:3:      serial_forest, infiniplex_forest_fountain,
          infiniplex_forest_straight_2, infiniplex_forest_clump_curved,
          infiniplex_forest_end_2, infiniplex_forest_clump_long,
          infiniplex_forest_lined_2, infiniplex_forest_straight_5,
          kennysheep_generic_room_16
D:4:      zin_purify, minmay_temple_entry_crystal_x

Skill      XL: |  1  2  3 |
---------------+----------+-----
Fighting       | 1 |  1.6
Conjurations   | 5 |  5.2
Dodging        | |  2.4
Stealth        | |  2.4
Spellcasting   | |  3.7

Action                   |  1- 3 |  4- 6 || total
-------------------------+-------+-------++-------
Melee: Unarmed           |     1 |       ||     1
 Cast: Magic Dart        |    78 |     1 ||    79
       Searing Ray       |     3 |       ||     3
  Use: Potion            |       |     2 ||     2
       Scroll            |       |     1 ||     1
  Eat: Chunk             |     2 |       ||     2
Armor: Robe              |     1 |       ||     1
Dodge: Dodged            |    14 |    23 ||    37

Table legend:
 A = Spawn XP
 B = Non-spawn XP
 C = Spawn XP percentage of total XP
 D = Spawn monster count
 E = Non-spawn monster count
 F = Spawn count percentage of total count
 G = Total turns spent on level
                    A         B        C        D         E        F      G
               +---------+---------+-------+---------+---------+-------+---------
         Total |       0 |      97 |   0.0 |       0 |      43 |   0.0 |  1779
               +---------+---------+-------+---------+---------+-------+---------
           D:1 |       0 |      31 |   0.0 |       0 |      18 |   0.0 |   993
           D:2 |       0 |      58 |   0.0 |       0 |      21 |   0.0 |   685
           D:3 |       0 |       8 |   0.0 |       0 |       4 |   0.0 |    80
               +---------+---------+-------+---------+---------+-------+---------
